 Dungeon Crawl Stone Soup version 0.31-a0-355-g57cb03d3e8 (webtiles) character file.

Game seed: 1452802448059133747

76 Maratek the Trooper (level 4, -2/39 HPs)
             Began as a Draconian Fighter on July 24, 2023.
             Slain by an orc wizard
             ... wielding a +0 dagger
              (3 damage)
             ... on level 2 of the Dungeon.
             The game lasted 00:04:07 (1205 turns).

Maratek the Trooper (Draconian Fighter)             Turns: 1205, Time: 00:04:07

Health: -2/39      AC:  5    Str: 19    XL:     4   Next: 12%
Magic:  4/4        EV: 12    Int:  8    God:
Gold:   120        SH:  4    Dex: 12    Spells: 3/3 levels left

rFire   . . .        h - +2 morningstar (protect)
rCold   . . .        b - +0 buckler
rNeg    . . .        (body armour unavailable)
rPois   .            (helmet restricted)
rElec   .            i - scarf {repulsion}
rCorr   +            (no gloves)
SInv    .            (no boots)
Will    .....        (no amulet)
Stlth   +            k - ring of resist corrosion
HPRegen 0.26/turn    (no ring)
MPRegen 0.09/turn

%: repel missiles
@: no status effects
A: AC +5, unfitting armour, cold-blooded
a: no special abilities


You were on level 2 of the Dungeon.
You visited 1 branch of the dungeon, and saw 2 of its levels.

You collected 120 gold pieces.

Inventory:

Hand Weapons
 a - a +0 long sword
 h - a +2 morningstar of protection (weapon)
Missiles
 e - a throwing net
Armour
 b - a +0 buckler (worn)
 i - a scarf of repulsion (worn)
Jewellery
 k - a ring of resist corrosion (left hand)
Scrolls
 g - a scroll of teleportation {unknown}
 j - a scroll of identify {unknown}
Potions
 c - 3 potions of might
 d - a potion of haste {unknown}
 f - a potion of lignification {unknown}


   Skills:
 + Level 3.6 Fighting
 + Level 3.2 Long Blades
 + Level 3.2 Dodging
 + Level 0.2 Stealth
 + Level 3.5 Shields


You had 3 spell levels left.
You didn't know any spells.
Your spell library was empty.

Dungeon Overview and Level Annotations

Branches:
Dungeon (2/15)

Altars:


Innate Abilities, Weirdness & Mutations

Your plain brown scales are hard. (AC +5)
You cannot fit into any form of body armour.
You are cold-blooded and may be slowed by cold attacks.


Message History

A puff of flame appears from out of thin air!
The puff of flame is repelled.
You miss something. Something hits you.
You closely miss something.
Your tail-slap misses something.
Something hits you. x2
You barely miss something.
The orc priest looks encouraged for a moment.
Something hits you but does no damage.
You closely miss something. Something hits you but does no damage.
Something hits you.
The orc priest looks encouraged for a moment.
You hit something.
Your weapon exudes an aura of protection.
Something hits you but does no damage.
You miss something. You tail-slap something. Something hits you.
You hear some strange, mumbled words.
A puff of flame appears from out of thin air!
The puff of flame is repelled.
You closely miss something.
The orc priest calls down the wrath of Beogh upon you.
Beogh smites you!
You hear some strange, mumbled words.
A puff of flame appears from out of thin air!
The puff of flame hits you.
You closely miss something.
You hear some strange, mumbled words.
A magic dart appears from out of thin air!
The magic dart hits you. Something hits you.
You barely miss something.
Your tail-slap misses something.
Something hits you but does no damage.
You miss something.
The orc priest calls down the wrath of Beogh upon you.
Beogh smites you!
* * * LOW HITPOINT WARNING * * *
Something hits you but does no damage. x2
You closely miss something. Something hits you but does no damage.
Something hits you.
* * * LOW HITPOINT WARNING * * *
You barely miss something. You tail-slap something. Something hits you.
You die...

#..#######.......<
#.###ooo###.......
#.##..o..##.......
#.#.......#.......
#.#.......#.......
#.#.......#.###.##
#.#.......#. #[#
#.#.......# ##.#
#@#.{.....# #..#
#{#.......# #.##
#o..........##.###
#####........(...#
########.#.# #.#.#
#.#.# #.#.# #.#.#


You could see an orc priest.

Vanquished Creatures
  Terence (D:2)
  3 dart slugs (D:1)
  An orc (D:2)
  4 endoplasms
  3 giant cockroaches (D:1)
  3 goblins
  4 hobgoblins
  4 jackals (D:1)
  2 quokkas (D:1)
  2 ball pythons
  3 bats
  A frilled lizard (D:1)
  4 kobolds (D:1)
  5 rats
40 creatures vanquished.

Notes
Turn   | Place    | Note
-------+----------+-------------------------------------------
     0 | D:1      | Maratek the Draconian Fighter began the quest for the Orb.
     0 | D:1      | Reached XP level 1. HP: 19/19 MP: 1/1
   131 | D:1      | Reached XP level 2. HP: 17/26 MP: 2/2
   383 | D:1      | Reached XP level 3. HP: 30/31 MP: 3/3
   913 | D:2      | Noticed Terence
   926 | D:2      | Killed Terence
   927 | D:2      | Reached XP level 4. HP: 5/39 MP: 4/4
  1204 | D:2      | HP: 1/39 [something (3)]
  1205 | D:2      | Slain by an orc wizard

Illustrated notes

Levels and vault maps discovered:
D:1:      lightli_arrival_chessboard, layout_loops_ring,
          minmay_tree_intersection
D:2:      cheibrodos_pilgrimage, layout_loops_ring, serial_bayou_pond_c,
          uniq_terence

Skill      XL: |  1  2  3 |
---------------+----------+-----
Dodging        | 3 |  3.2
Long Blades    | 3 |  3.2
Fighting       | |  3.6
Stealth        | |  0.2
Shields        | |  3.5

Action                     |  1- 3 |  4- 6 || total
---------------------------+-------+-------++-------
  Melee: Long sword        |    96 |       ||    96
         Tailslap          |    13 |     2 ||    15
         Morningstar       |       |    18 ||    18
   Stab: Sleeping          |       |     1 ||     1
 Armour: Skin              |    27 |    10 ||    37
  Dodge: Dodged            |    76 |     3 ||    79
         Repelled          |       |     2 ||     2
  Block: Buckler           |    25 |     1 ||    26

Table legend: (Time is in decaauts)
 A = Elapsed time spent in this place.
 B = Non-inter-level travel time spent in this place.
 C = Inter-level travel time spent in this place.
 D = Time resting spent in this place.
 E = Time spent auto-exploring this place.
 F = Levels seen in this place.
 G = Mean time per level.
                   A        B        C        D        E       F      G
               +--------+--------+--------+--------+--------+-----+--------+
         Total |   1252 |   1252 |      0 |      0 |    816 |   2 |  626.0 |
       Dungeon |   1252 |   1252 |      0 |      0 |    816 |   2 |  626.0 |
               +--------+--------+--------+--------+--------+-----+--------+

Top non-repeatable levels by time:
     D:1: 854 daAuts
     D:2: 397 daAuts
